 Dungeon Crawl Stone Soup version 0.29-a0-11-ga75d3d97ab (webtiles) character file.

Game seed: 13483387143560081114

1059 enile the Skirmisher (level 8, 0/61 HPs)
             Began as a Djinni Fire Elementalist on Jan 29, 2022.
             Was a Plaything of Xom.
             Slain by an orc warrior (12 damage)
             ... on level 7 of the Dungeon.
             The game lasted 00:09:54 (7197 turns).

enile the Skirmisher (Djinni Fire Elementalist)     Turns: 7197, Time: 00:09:55

Health: 0/61       AC:  2    Str:  9    XL:     8   Next: 51%
Gold:   94         EV: 12    Int: 20    God:    Xom [..*...] SH:  0 Dex: 13

rFire   + + +      SeeInvis .   p - +7 dagger of Irritation {vamp, rC- rCorr Str+2}
rCold   x . .      Faith    .   (no shield)
rNeg    . . .      Spirit   .   a - +0 robe
rPois   ∞          Reflect  .   (no helmet)
rElec   +          Harm     .   (no cloak)
rCorr   +          Rampage  .   (no gloves)
Will    .....                   (boots unavailable)
Stlth   ++........              j - amulet of regeneration
HPRegen 1.00/turn               (no ring)
MPRegen 0.00/turn               (no ring)

@: resistant, flying
A: sickness immunity, fire resistance 3, cold vulnerability 1, float, innate
caster, hp casting, extra vitality 1, subdued magic 1
a: Renounce Religion


You were on level 7 of the Dungeon.
You worshipped Xom.
You were a toy of Xom.
You visited 1 branch of the dungeon, and saw 7 of its levels.

You collected 294 gold pieces.
You spent 200 gold pieces at shops.

Inventory:

Hand Weapons
 d - a +0 whip
 k - a +1 vorpal hand axe
 l - a +0 long sword
 p - the +7 dagger of Irritation (weapon) {vamp, rC- rCorr Str+2}
   (You found it on level 5 of the Dungeon)

   It occasionally heals its wielder for a portion of the damage dealt when it
   wounds a living foe.
   Str:       It affects your strength (+2).
   rC:        It makes you vulnerable to cold.
   rCorr:     It protects you from acid and corrosion.
Armour
 a - a +0 robe (worn)
 f - the +0 leather armour of Funkoesa {*Corrode rC++}
   (You found it on level 2 of the Dungeon)

   rC:        It greatly protects you from cold.
   *Corrode:  It may corrode you when you take damage.
Jewellery
 j - an amulet of regeneration (around neck)
Wands
 x - a wand of paralysis (14)
 y - a wand of polymorph (5)
Scrolls
 b - 11 scrolls of teleportation
 e - 2 scrolls of summoning
 h - 2 scrolls of magic mapping
 q - 2 scrolls of immolation {unknown}
 r - 2 scrolls of fog {unknown}
 s - a scroll of blinking
 t - a scroll of vulnerability
 w - a scroll of enchant armour {unknown}
 A - 3 scrolls of brand weapon {unknown}
Potions
 g - 5 potions of brilliance {unknown}
 n - 2 potions of curing {unknown}
 o - 2 potions of lignification {unknown}
 u - a potion of invisibility {unknown}
 v - a potion of berserk rage {unknown}
 z - a potion of magic {unknown}


   Skills:
 - Level 6.0 Fighting
 - Level 1.0 Short Blades
 - Level 2.1 Dodging
 - Level 1.5 Stealth
 + Level 5.9 Spellcasting


You couldn't memorise any spells.
You knew the following spells:

 Your Spells              Type           Power      Damage    Failure   Level
a - Foxfire               Conj/Fire      88%        2x1d8     1%          1
b - Scorch                Fire           44%        2d7       1%          2
c - Conjure Flame         Conj/Fire      22%        6-21      1%          3
d - Inner Flame           Hex/Fire       22%        N/A       1%          3
e - Flame Wave            Conj/Fire      22%        2d7       8%          4
f - Summon Small Mammal   Summ           88%        N/A       1%          1
g - Wereblood             Tmut           22%        N/A       1%          2
h - Gell's Gravitas       Tloc           22%        N/A       1%          3
Your spell library was empty.

Dungeon Overview and Level Annotations

Branches:
Dungeon (7/15)             Temple (0/1) D:5

Altars:
Uskayaw
Xom

Shops:
D:2 ?   D:5 ?

Annotations:
D:3 3 runed translucent doors, dracfodder's ghost, amateur GrBe
D:5 Sigmund


Innate Abilities, Weirdness & Mutations

You are immune to sickness and miasma.
You are immune to poison.
Your flesh is almost immune to the effects of heat. (rF+++)
You are vulnerable to cold. (rC-)
You float through the air rather than walking.
You learn spells naturally, not from books.
Your magical power is your life essence.
You have superior vitality. (+4 MHP)
Your spells are a little easier to cast, but a little less powerful.


Message History

Your rat's corpse disappears in a puff of smoke!
Something hits your quokka!
Your quokka dies!
Your quokka's corpse disappears in a puff of smoke!
Casting: Summon Small Mammal (safe; 1% risk of failure)
Confirm with . or Enter, or press ? or * to list all spells.
Casting: Flame Wave (dangerous; 10% risk of failure)
Press: ? - help, Dir - look around, f - activate A wave of flame ripples out! (Press . to intensify the flame waves.)
A wave of flame ripples out!
The flame wave engulfs the orc warrior.
The orc warrior is heavily wounded.
The orc warrior hits you with a +0 mace!
You hit the orc warrior.
You feel better.
The orc warrior is severely wounded.
The orc warrior hits you with a +0 mace.
You hit the orc warrior but do no damage.
The orc warrior is heavily wounded.
The orc warrior hits you with a +0 mace!
* * * LOW HITPOINT WARNING * * *
Okay, then.
It was a potion of heal wounds.
You feel much better.
Xom thinks this is hilarious!
The orc warrior hits you with a +0 mace!
As you read the scroll labelled LAS NARAUNARRUGY, it crumbles to dust.
You feel aware of your surroundings.
It was a scroll of magic mapping.
The orc priest calls upon Beogh to heal the orc warrior.
The orc warrior is healed somewhat.
The orc warrior hits you with a +0 mace!
* * * LOW HITPOINT WARNING * * *
It was a potion of resistance.
You feel protected.
Xom thinks this is hilarious!
The orc warrior closely misses you.
It was a potion of mutation.
You feel extremely strange.
Your iridescent scales recede somewhat.
Your iridescent scales disappear.
Your connection to magic feels subdued.
You feel more resistant to heat.
The orc warrior hits you with a +0 mace!
You die...
Xom guffaws!

#...#..),+,,,,,,,,
#.#...#*,*,,,,,,,,
#.##.#**,**,,,,,,,
#.##.###.#**,,,,,*
#........# **,,,**
#.######## *#+** #o#
#.# #o# #.# #@# ##.##
#.# ########...##
#####.####...........#
#..........#####....##
#.###..........#.#....
#..........###......##
##########.#####.#.##
#......<#.#
#########.#


You could see an orc warrior and an orc priest.

Vanquished Creatures
  A wraith (D:6)
  A necrophage (D:6)
  2 ogres
  A water moccasin skeleton (D:4)
  A bullfrog zombie (D:6)
  2 jellies
  3 centaur zombies
  An orc priest (D:3)
  2 centaur skeletons
  3 hounds
  An iguana (D:7)
  An orc wizard (D:3)
  A hound skeleton (D:4)
  A howler monkey skeleton (D:7)
  9 adders
  A shadow imp (D:5)
  An ufetubus (D:5)
  A dart slug (D:1)
  6 orcs
  5 ball pythons
  9 endoplasms
  3 giant cockroaches
  6 goblins
  6 hobgoblins
  7 jackals (D:3)
  5 kobolds
  4 quokkas
  3 bats
  6 frilled lizards
  A jackal skeleton (D:4)
  2 rats
96 creatures vanquished.

Vanquished Creatures (collateral kills)
  An endoplasm (D:3)
1 creature vanquished.

Vanquished Creatures (others)
  386 foxfires
  A plant (D:5)
387 creatures vanquished.

Grand Total: 484 creatures vanquished

Notes
Turn   | Place    | Note
-------+----------+-------------------------------------------
     0 | D:1      | enile the Djinni Fire Elementalist began the quest for the
                  | Orb.
     0 | D:1      | Reached XP level 1. HP: 15/15 MP: 0/0
   205 | D:1      | Reached skill level 1 in Fighting
   580 | D:1      | Reached XP level 2. HP: 12/22 MP: 0/0
   980 | D:1      | Reached skill level 2 in Fighting
  1442 | D:1      | Reached XP level 3. HP: 26/28 MP: 0/0
  1442 | D:1      | Learned a level 1 spell: Summon Small Mammal
  1705 | D:1      | Found a faded altar of an unknown god.
  1857 | D:1      | Prayed at the altar of an unknown god.
  1857 | D:1      | Became a worshipper of Xom of Chaos
  2485 | D:2      | XOM: noise
  2722 | D:2      | Reached XP level 4. HP: 32/34 MP: 0/0
  2872 | D:2      | XOM: divination: detect creatures
  2953 | D:2      | Found Qaziz's Magic Scroll Shoppe.
  3057 | D:2      | Identified the +0 leather armour of Funkoesa {*Corrode
                  | rC++}
  3227 | D:2      | XOM: divination: detect items
  3383 | D:2      | XOM: silly message
  3461 | D:2      | XOM: silly message
  3509 | D:3      | Reached skill level 3 in Fighting
  3661 | D:3      | XOM: divination: magic mapping
  3664 | D:3      | Reached XP level 5. HP: 31/40 MP: 0/0
  3664 | D:3      | Learned a level 2 spell: Wereblood
  3830 | D:3      | XOM: silly message
  4032 | D:3      | XOM: divination: detect creatures
  4063 | D:3      | Found a runed translucent gate.
  4077 | D:3      | Found a runed translucent gate.
  4095 | D:3      | Found a runed translucent gate.
  4448 | D:3      | Noticed a +0 falchion
  4449 | D:3      | Noticed a +0 dagger
  4450 | D:3      | Noticed a +0 dagger
  4450 | D:3      | Noticed a +0 spear
  4450 | D:3      | Noticed a +0 spear
  4451 | D:3      | Noticed a +0 falchion
  4451 | D:3      | Noticed a +0 short sword
  4451 | D:3      | Noticed a +0 short sword
  4470 | D:3      | Found a hide-covered altar of Uskayaw.
  4708 | D:3      | Noticed dracfodder's ghost (amateur GrBe)
  4809 | D:3      | XOM: divination: magic mapping
  4811 | D:3      | Reached skill level 4 in Fighting
  4853 | D:3      | XOM: silly message
  4924 | D:4      | XOM: give mutation
  4924 | D:4      | Gained mutation: You have hidden genetic potential. [Xom's
                  | grace]
  5046 | D:3      | XOM: cloud trail
  5126 | D:3      | Reached XP level 6. HP: 19/48 MP: 0/0
  5174 | D:3      | Reached skill level 5 in Fighting
  5250 | D:4      | XOM: god gift: 12 gold pieces
  5306 | D:4      | Gained mutation: You are partially covered in iridescent
                  | scales. (AC +2) [hidden potential]
  5397 | D:2      | Bought a scroll of identify for 20 gold pieces
  5397 | D:2      | Bought 3 scrolls of teleportation for 90 gold pieces
  5397 | D:2      | Bought a scroll of teleportation for 30 gold pieces
  5397 | D:2      | Bought a scroll of teleportation for 30 gold pieces
  5570 | D:4      | XOM: summons 4 hostile demons
  5916 | D:5      | Entered Level 5 of the Dungeon
  5934 | D:5      | Found a staircase to the Ecumenical Temple.
  5945 | D:5      | Identified the +7 dagger of Irritation {vamp, rC- rCorr
                  | Str+2}
  5987 | D:5      | Reached XP level 7. HP: 53/54 MP: 0/0
  5987 | D:5      | Learned a level 3 spell: Gell's Gravitas
  5999 | D:5      | Reached skill level 1 in Short Blades
  6001 | D:5      | Found Xozxubb's Magic Scroll Shoppe.
  6002 | D:5      | Gained mutation: You are mostly covered in iridescent
                  | scales. (AC +4) [hidden potential]
  6002 | D:5      | Lost mutation: You have hidden genetic potential. [hidden
                  | potential expressed]
  6038 | D:5      | Bought a scroll of teleportation for 30 gold pieces
  6108 | D:5      | XOM: 3-stop teleportation journey
  6282 | D:5      | Noticed Sigmund
  6356 | D:6      | Noticed a wraith
  6411 | D:6      | Reached skill level 6 in Fighting
  6450 | D:6      | Killed a wraith
  6451 | D:6      | Reached XP level 8. HP: 39/61 MP: 0/0
  6486 | D:6      | Reached skill level 5 in Spellcasting
  7063 | D:7      | XOM: divination: detect creatures
  7178 | D:7      | XOM: divination: magic mapping
  7197 | D:7      | Lost mutation: You are mostly covered in iridescent scales.
                  | (AC +4) [potion of mutation]
  7197 | D:7      | Lost mutation: You are partially covered in iridescent
                  | scales. (AC +2) [potion of mutation]
  7197 | D:7      | Gained mutation: Your spells are a little easier to cast,
                  | but a little less powerful. [potion of mutation]
  7197 | D:7      | Gained mutation: Your flesh is almost immune to the effects
                  | of heat. (rF+++) [potion of mutation]
  7197 | D:7      | Slain by an orc warrior

Illustrated notes

Levels and vault maps discovered:
D:1:      kilobyte_arrival_exit_the_forest, layout_basic,
          shapermc_ecumenical_altar_mp_vishouse
D:2:      minmay_chambers_of_ones, layout_rooms, serial_shops,
          nicolae_shop_stone, minmay_tromino_v4_b
D:3:      layout_loops_ring, nicolae_uskayaw_en_pointe,
          ebering_ghost_rock_garden, corner_web_ring
D:4:      layout_cave_pools, minmay_bent
D:5:      layout_basic, minmay_temple_entry_fiery, serial_shops,
          nicolae_shop_stone, sigmund_edmund_badplayer, uniq_edmund
D:6:      layout_rooms, minmay_microvault
D:7:      layout_loops_corners, minmay_liquid_box, uniq_menkaure

Skill      XL: |  1  2  3  4  5  6  7  8 |
---------------+-------------------------+-----
Fighting       | 1 2 3 4 5 6 |  6.0
Spellcasting   | 3 4 5 |  5.9
Short Blades   | 1 |  1.0
Dodging        | |  2.1
Stealth        | |  1.5

Action                   |  1- 3 |  4- 6 |  7- 9 || total
-------------------------+-------+-------+-------++-------
Melee: Whip              |    11 |    29 |       ||    40
       Punch             |     1 |       |       ||     1
       Hand axe          |       |    23 |       ||    23
       Dagger            |       |       |    31 ||    31
 Cast: Foxfire           |    79 |   128 |    35 ||   242
       Summon Small Mamm |       |     3 |     2 ||     5
       Conjure Flame     |       |     1 |       ||     1
       Scorch            |       |    12 |    33 ||    45
       Gell's Gravitas   |       |       |     1 ||     1
       Flame Wave        |       |       |     1 ||     1
  Use: Scroll            |     1 |       |     6 ||     7
       Potion            |       |       |     3 ||     3
Armor: Robe              |     7 |    28 |    25 ||    60
Dodge: Dodged            |    19 |   119 |    39 ||   177

Table legend: (Time is in decaauts)
 A = Elapsed time spent in this place.
 B = Non-inter-level travel time spent in this place.
 C = Inter-level travel time spent in this place.
 D = Time resting spent in this place.
 E = Time spent auto-exploring this place.
 F = Levels seen in this place.
 G = Mean time per level.
                   A        B        C        D        E       F      G
               +--------+--------+--------+--------+--------+-----+--------+
         Total |   7222 |   6808 |    414 |    306 |   5313 |   7 | 1031.7 |
       Dungeon |   7222 |   6808 |    414 |    306 |   5313 |   7 | 1031.7 |
               +--------+--------+--------+--------+--------+-----+--------+

Top non-repeatable levels by time:
     D:1: 2275 daAuts
     D:3: 1801 daAuts
     D:2: 1238 daAuts
     D:4: 618 daAuts
     D:6: 558 daAuts
     D:5: 437 daAuts
     D:7: 291 daAuts
